 Dungeon Crawl Stone Soup version 0.30.1 (webtiles) character file.

Game seed: 10985012280890992776

510 safid the Chiller (level 7, -7/55 HPs)
             Began as a Merfolk Ice Elementalist on July 7, 2023.
             Mangled by a mummy (15 damage)
             ... in an ossuary.
             The game lasted 00:08:54 (4747 turns).

safid the Chiller (Merfolk Ice Elementalist)        Turns: 4747, Time: 00:08:56

Health: -7/55      AC:  9    Str: 11    XL:     7   Next: 19%
Magic:  19/22      EV: 12    Int: 17    God:
Gold:   145        SH:  0    Dex: 14    Spells: 7/14 levels left

rFire   + + .        u - +3 spear of Otoockokk {venom, *Noise rF++ rN+ Str+3}
rCold   . . .        (no shield)
rNeg    + . .        a - +0 robe
rPois   .            (no helmet)
rElec   .            (no cloak)
rCorr   .            (no gloves)
SInv    .            (no boots)
Will    .....        (no amulet)
Stlth   ++           i - ring of magical power
HPRegen 0.29/turn    (no ring)
MPRegen 0.18/turn

%: no passive effects
@: ice-armoured
A: (nimble swimmer 2), mertail
a: no special abilities


You were in an ossuary.
You visited 1 branch of the dungeon, and saw 5 of its levels.
You also visited: Ossuary.

You collected 222 gold pieces.
You spent 77 gold pieces at shops.

Inventory:

Hand Weapons
 u - the +3 spear of Otoockokk (weapon) {venom, *Noise rF++ rN+ Str+3}
   (You found it on level 4 of the Dungeon)

   Str:       It affects your strength (+3).
   rF:        It greatly protects you from fire.
   rN:        It protects you from negative energy.
   *Noise:    It may make noises in combat.
Armour
 a - a +0 robe (worn)
Jewellery
 i - a ring of magical power (left hand)
Scrolls
 c - 2 scrolls of enchant armour {unknown}
 d - 2 scrolls of identify {unknown}
 k - a scroll of amnesia {unknown}
 l - a scroll of blinking {unknown}
 m - a scroll of fog {unknown}
 n - a scroll of brand weapon {unknown}
 q - a scroll of poison {unknown}
 r - a scroll of silence {unknown}
 v - a scroll of fear {unknown}
Potions
 b - a potion of magic
 e - a potion of might {unknown}
 f - a potion of ambrosia {unknown}
 g - a potion of heal wounds {unknown}
 h - a potion of attraction {unknown}
 j - 3 potions of berserk rage {unknown}
 o - a potion of resistance {unknown}
 p - 3 potions of curing
 s - 2 potions of mutation {unknown}
 t - a potion of haste {unknown}


   Skills:
 + Level 4.3 Fighting
 - Level 2.6 Dodging
 - Level 2.1 Stealth
 + Level 4.3 Spellcasting
 + Level 6.4 Ice Magic


You had 7 spell levels left.
You knew the following spells:

 Your Spells              Type           Power      Damage    Failure   Level
a - Freeze                Ice            100%       1d10      1%          1
b - Frozen Ramparts       Ice            50%        1d8       3%          3
c - Ozocubu's Armour      Ice            25%        N/A       3%          3

Your spell library contained the following spells:

 Spells                   Type           Power      Damage    Failure   Level
 Ensorcelled Hibernation  Hex/Ice        28%        N/A       6%          2
 Passwall                 Tmut/Erth      2%         N/A       24%         2
 Summon Ice Beast         Ice/Summ       14%        N/A       38%         4
 Dazzling Flash           Conj/Hex       6%         N/A       43%         3
 Spider Form              Tmut/Pois      3%         N/A       43%         3
 Swiftness                Air            3%         N/A       43%         3
 Anguish                  Hex/Necr       1%         N/A       83%         4
 Agony                    Necr           3%         N/A       99%         5
 Silence                  Hex/Air        1%         N/A       99%         5


Dungeon Overview and Level Annotations

Branches:
Dungeon (5/15)            Ossuary (1/1)
 Temple: D:4-7

Altars:

Shops:
D:4 !

Annotations:
D:4 1 runed translucent door, Crazy Yiuf


Innate Abilities, Weirdness & Mutations

((You are very nimble when in or above water. (Stealth+, EV+, Speed+++)))
Your lower body shifts to a powerful aquatic tail in water.


Message History

You reach to attack!
You hit the kobold zombie.
The kobold zombie is moderately damaged.
The kobold zombie resists.
The wall freezes the kobold zombie.
You closely miss the kobold zombie.
The kobold zombie is heavily damaged.
The kobold zombie resists.
The wall freezes the kobold zombie.
The kobold zombie closely misses you.
You puncture the kobold zombie!
You destroy the kobold zombie!
No target in view!
The frozen ramparts melt away.
A mummy comes into view.
You reach to attack!
You puncture the mummy!
The mummy is heavily damaged.
You hit the mummy.
The mummy is heavily damaged.
You hit the mummy.
The mummy is severely damaged.
The mummy hits you!
You barely miss the mummy. You punch the mummy.
The mummy is severely damaged.
The mummy hits you!
You hit the mummy.
The mummy is almost destroyed.
The mummy hits you!
You are too injured to fight recklessly!
You are too injured to fight recklessly!
Casting: Frozen Ramparts (dangerous; 3% risk of failure)
Confirm with . or Enter, or press ? or * to list all spells.
A film of ice covers your body! The mummy hits you!
* * * LOW HITPOINT WARNING * * *
You are too injured to fight recklessly!
You barely miss the mummy.
The mummy is almost destroyed.
Unknown command.
You hit the mummy but do no damage.
The mummy is almost destroyed.
The mummy hits you!
You die...

#....#
#....#
#....#
#....#
#....#
#....#
#....#
#..M.#
#.∩∩@#
######


You could see a mummy.

Vanquished Creatures
  Duvessa (D:4)
  Dowan (D:4)
  A hound (D:4)
  A jelly (D:4)
  3 iguanas (D:4)
  An orc wizard (D:5)
  5 mummies (Ossuary)
  3 adders
  2 worms
  A dart slug (D:4)
  7 orcs
  12 ball pythons
  8 endoplasms
  3 giant cockroaches (D:1)
  7 goblins
  11 hobgoblins
  7 jackals
  2 kobolds
  5 quokkas
  4 bats (D:1)
  3 frilled lizards (D:1)
  4 hobgoblin zombies (Ossuary)
  A kobold zombie (Ossuary)
  3 orc zombies (Ossuary)
  A quokka zombie (D:5)
  5 rats
  A rat zombie (D:5)
103 creatures vanquished.

Notes
Turn   | Place    | Note
-------+----------+-------------------------------------------
     0 | D:1      | safid the Merfolk Ice Elementalist began the quest for the
                  | Orb.
     0 | D:1      | Reached XP level 1. HP: 13/13 MP: 3/3
   275 | D:1      | Reached XP level 2. HP: 16/20 MP: 1/5
   297 | D:1      | Reached skill level 1 in Fighting
   634 | D:1      | Reached XP level 3. HP: 22/26 MP: 3/6
  1478 | D:2      | Reached skill level 5 in Ice Magic
  1798 | D:2      | Reached XP level 4. HP: 33/33 MP: 8/8
  2828 | D:4      | Learned a level 3 spell: Frozen Ramparts
  2832 | D:4      | Learned a level 3 spell: Ozocubu's Armour
  2894 | D:4      | Reached XP level 5. HP: 32/39 MP: 9/9
  3274 | D:4      | Identified the +3 spear of Otoockokk {venom, *Noise rF++
                  | rN+ Str+3}
  3296 | D:4      | Found a runed translucent door.
  3297 | D:4      | Noticed Crazy Yiuf
  3554 | D:4      | Reached XP level 6. HP: 47/47 MP: 11/11
  3756 | D:4      | Found Diuriox's Distillery.
  3764 | D:4      | Bought 2 potions of curing for 66 gold pieces
  3764 | D:4      | Bought a potion of degeneration for 11 gold pieces
  3957 | D:4      | Noticed Dowan
  3960 | D:4      | Noticed Duvessa
  3970 | D:4      | Killed Duvessa
  3971 | D:4      | Reached skill level 6 in Ice Magic
  3974 | D:4      | Killed Dowan
  4468 | D:5      | Entered Level 5 of the Dungeon
  4496 | D:5      | Found a sand-covered staircase.
  4504 | D:5      | Reached XP level 7. HP: 53/54 MP: 13/13
  4524 | Ossuary  | Entered an ossuary
  4747 | Ossuary  | Mangled by a mummy

Illustrated notes

Levels and vault maps discovered:
D:1:      sevenhm_arrival_forest_fort_large_3, layout_loops_ring
D:2:      layout_basic
D:3:      layout_basic
D:4:      layout_loops_corners, serial_shops, shop, solitary_fountain,
          uniq_duvessa, uniq_crazy_yiuf_cottage
D:5:      layout_rooms, enter_ossuary_4, uniq_pikel
Ossuary:  ossuary_tomb_3

Skill      XL: |  1  2  3  4  5  6 |
---------------+-------------------+-----
Fighting       | 1 2 3 4 |  4.3
Ice Magic      | 5 6 |  6.4
Spellcasting   | 3 4 |  4.3
Dodging        | |  2.6
Stealth        | |  2.1

Action                     |  1- 3 |  4- 6 |  7- 9 || total
---------------------------+-------+-------+-------++-------
  Melee: Unarmed           |    41 |       |       ||    41
         Dagger            |    23 |    36 |       ||    59
         Punch             |     1 |     1 |     1 ||     3
         Spear             |       |    26 |    64 ||    90
   Cast: Freeze            |    64 |    39 |       ||   103
         Frozen Ramparts   |       |    13 |     5 ||    18
         Ozocubu's Armour  |       |     8 |     4 ||    12
   Stab: Sleeping          |       |     1 |       ||     1
 Armour: Robe              |    14 |     9 |    11 ||    34
  Dodge: Dodged            |    69 |    46 |    14 ||   129
